cohdb
Replays
Latest Replays
All Replays
Popular Replays
Top Player Replays
Match Explorer
How It Works
Community
CoH3 Stats
Reddit
Sign in to upload your games and track your stats! →
Sign in with Steam
Match 42758242
Unlisted
Match 42758242
Overview
Messages
Build Orders
End
Panzergrenadier Squad
Kradschützen Motorcycle Team
Panzergrenadier Squad
Construct Light Support Kompanie
MG34 Team
Fire Support Elements
Flakvierling Half-track
Vehicle Survival Package
Selects Italian Combined Arms Battlegroup
Panzerjäger Mechanized Group
Combat Half-tracks
Construct Mechanized Kompanie
254 Reconnaissance Tractor
Construct Panzerarmee Kommand
Selects Semovente da 75/18 Assault Gun
Selects Strafing Run
Selects Pact of Steel
Panzer III L Medium Tank
Emergency Repair Kits
Rapid Advance
Selects Bersaglieri Squad
Strafing Run
Walking Stuka Rocket Launcher
2.5-tonne Medical Truck
Walking Stuka Rocket Launcher
Veteran Squad Leaders
Jarkke
Setti-Veke
ViiKumi
Brave Sir Robin
kongkang
Project KV
0
0
Comments
sign in to comment!
No comments posted yet!